 Dungeon Crawl Stone Soup version 0.28-a0-779-g3d1f99b579 (webtiles) character file.

Game seed: 4831894089040729827

951 MrDNA the Magician (level 7, 0/53 HPs)
             Began as a Mummy Cinder Acolyte on Nov 2, 2021.
             Was a High Priest of Ignis.
             Slain by an orc wizard (2 damage)
             ... on level 5 of the Dungeon.
             The game lasted 00:17:00 (5654 turns).

MrDNA the Magician (Mummy Cinder Acolyte)           Turns: 5654, Time: 00:17:01

Health: 0/53       AC:  2    Str: 17    XL:     7   Next: 90%
Magic:  17/17      EV: 10    Int: 16    God:    Ignis [*****.]
Gold:   115        SH:  2    Dex:  7    Spells: 15/20 levels left

rFire   . . .      SeeInvis .   a - +0 mace (flame)
rCold   + . .      Faith    .   t - +0 buckler
rNeg    + + +      Spirit   .   b - +0 robe
rPois   ∞          Reflect  .   (no helmet)
rElec   .          Harm     .   (no cloak)
rCorr   .          Rampage  .   (no gloves)
Will    .....                   (no boots)
Stlth   +.........              (no amulet)
HPRegen 0.17/turn               g - ring of flight
MPRegen 0.15/turn               (no ring)

@: flying
A: cold resistance 1, negative energy resistance 3, torment resistance 2, heat
vulnerability 1, no potions
a: Renounce Religion, Sea of Fire, Foxfire Swarm, Rising Flame


You were on level 5 of the Dungeon.
You worshipped Ignis.
Ignis was extremely pleased with you.
You visited 1 branch of the dungeon, and saw 6 of its levels.

You collected 187 gold pieces.
You spent 72 gold pieces at shops.

Inventory:

Hand Weapons
 a - a +0 mace of flaming (weapon)
 l - a +0 hunting sling
Missiles
 d - 113 stones (quivered)
 f - 44 poisoned darts
Armour
 b - a +0 robe (worn)
 c - a +0 robe
 n - a scarf of shadows
 t - a +0 buckler (worn)
Jewellery
 g - a ring of flight (left hand)
 o - a ring of magical power
 q - a ring of protection from cold
Wands
 i - a wand of charming (10)
Scrolls
 e - a scroll of enchant armour
 h - a scroll of magic mapping
 j - a scroll of acquirement {unknown}
 k - a scroll of immolation {unknown}
 m - a scroll of vulnerability {unknown}
 p - a scroll of fear {unknown}
 r - a scroll of blinking {unknown}
 s - 2 scrolls of enchant weapon


   Skills:
 + Level 3.8 Fighting
 - Level 2.8 Maces & Flails
 - Level 0.4 Dodging
 - Level 1.0 Stealth
 * Level 7.3 Spellcasting
 * Level 2.1 Hexes
 + Level 4.8 Fire Magic


You had 15 spell levels left.
You knew the following spells:

 Your Spells              Type           Power      Damage    Failure   Level
a - Scorch                Fire           42%        2d7       4%          2
b - Tukima's Dance        Hex            12%        N/A       26%         3

Your spell library contained the following spells:

 Spells                   Type           Power      Damage    Failure   Level
 Olgreb's Toxic Radiance  Pois           5%         N/A       89%         4
 Passage of Golubria      Tloc           5%         N/A       89%         4
 Yara's Violent Unravell  Hex/Tmut       4%         3d4       98%         5
 Ozocubu's Refrigeration  Ice            2%         4d5       100%        7
 Ignition                 Fire           10%        3d5       100%        8


Dungeon Overview and Level Annotations

Branches:
Dungeon (6/15)
 Temple: D:4-7

Altars:
Ashenzari
Elyvilon
Hepliaklqana
Yredelemnul

Shops:
D:2 *   D:3 :


Innate Abilities, Weirdness & Mutations

You are immune to poison.
Your flesh is cold resistant. (rC+)
You are immune to negative energy. (rN+++)
You are immune to unholy pain and torment.
You are vulnerable to heat. (rF-)
You do not drink.


Message History

You hit something but do no damage.
You hear some strange, mumbled words.
A magic dart appears from out of thin air!
The magic dart hits you.
* * * LOW HITPOINT WARNING * * *
You completely miss something. Something hits you but does no damage.
Something hits you.
* * * LOW HITPOINT WARNING * * *
Casting: Scorch (safe; 4% risk of failure)
Confirm with . or Enter, or press ? or * to list all spells.
You can't see any susceptible monsters within range! (Use Z to cast anyway.)
You closely miss something. Something hits you but does no damage.
You miss something.
You hear some strange, mumbled words.
You are confused.
You completely miss something.
Something hits you but does no damage. x2
You bump into the rock wall.
Something hits you.
* * * LOW HITPOINT WARNING * * *
You're too confused to move!
Something hits you but does no damage.
You bump into the rock wall.
Something hits you.
* * * LOW HITPOINT WARNING * * *
You bump into the rock wall.
Something hits you.
* * * LOW HITPOINT WARNING * * *
You bump into the rock wall.
You feel less confused. Something hits you.
* * * LOW HITPOINT WARNING * * *
You can't drink.
Okay, then.
Flames leap up around you! Something hits you.
* * * LOW HITPOINT WARNING * * *
Your foxfire dissipates!
An orc wizard appears from thin air!
Reactivating autopickup.
The foxfire hits the orc wizard.
The orc wizard is almost dead.
You hit the orc wizard but do no damage.
The orc wizard is almost dead.
The orc wizard hits you with a +0 dagger.
You die...

#.###########....###.##.#.#
#.##.............###.##.#.# ##
###.##.#########.....)......# #.
#...##.# ########...##.###### #.
#.####.# #.............# #. #.#
#.###.###.####..### #.
#.####.......#.# #..# #.
#.##.........#v####>.#### #.
#.##.#####....v@o.......#######.
#.##.# #....v####..........##.
#.##.#####.....# #..##.####.##.
#..............# #..##.# #.##.
####.###.#.....# #..##.####.##.
#.##...!....####.............
#.#.#......!.....####.###.###
#####...........####.####.###.#
.......>........# #..........#


You could see an orc wizard (ally target).

Vanquished Creatures
  Sigmund (D:3)
  2 water moccasins (D:5)
  A black bear (D:5)
  A sky beast (D:5)
  A scorpion (D:5)
  A bullfrog zombie (D:5)
  2 jellies
  A bullfrog skeleton (D:5)
  An orc wizard (D:4)
  A killer bee zombie (D:4)
  A hound skeleton (D:4)
  8 adders
  A howler monkey skeleton (D:6)
  3 worms
  A dart slug (D:2)
  9 orcs
  3 ball pythons (D:4)
  3 endoplasms (D:1)
  5 giant cockroaches
  5 goblins
  4 hobgoblins
  2 jackals (D:5)
  4 quokkas
  10 bats
  2 frilled lizards (D:1)
  4 kobolds
  A spectral orc (D:3)
78 creatures vanquished.

Vanquished Creatures (others)
  7 foxfires (D:5)
7 creatures vanquished.

Grand Total: 85 creatures vanquished

Notes
Turn   | Place    | Note
-------+----------+-------------------------------------------
     0 | D:1      | MrDNA the Mummy Cinder Acolyte began the quest for the Orb.
     0 | D:1      | Reached XP level 1. HP: 18/18 MP: 2/2
   618 | D:1      | Reached XP level 2. HP: 24/24 MP: 4/4
   621 | D:1      | Learned a level 2 spell: Scorch
   933 | D:1      | Found a faded altar of an unknown god.
  1508 | D:2      | Reached XP level 3. HP: 28/29 MP: 5/5
  1527 | D:2      | Reached skill level 2 in Spellcasting
  1892 | D:2      | Found Sasestra's General Store.
  1924 | D:2      | Bought 18 poisoned darts for 72 gold pieces
  2535 | D:3      | Reached XP level 4. HP: 35/35 MP: 2/7
  2607 | D:3      | Noticed Sigmund
  2914 | D:3      | Found a basalt altar of Yredelemnul.
  3128 | D:3      | Killed Sigmund
  3129 | D:3      | Reached skill level 1 in Stealth
  3129 | D:3      | Reached skill level 4 in Spellcasting
  3129 | D:3      | Reached XP level 5. HP: 14/41 MP: 1/11
  3437 | D:3      | Found Zedd's Book Boutique.
  3797 | D:4      | Reached XP level 6. HP: 47/47 MP: 9/12
  4391 | D:4      | Found a faded altar of an unknown god.
  4391 | D:4      | Found a faded altar of an unknown god.
  4391 | D:4      | Found a hazy altar of Hepliaklqana.
  4393 | D:4      | Found a faded altar of an unknown god.
  4425 | D:4      | Learned a level 3 spell: Tukima's Dance
  4477 | D:5      | Entered Level 5 of the Dungeon
  4505 | D:5      | Noticed a sky beast
  4519 | D:5      | Killed a sky beast
  4520 | D:5      | Reached skill level 5 in Spellcasting
  4608 | D:5      | Reached skill level 1 in Hexes
  4726 | D:5      | Reached XP level 7. HP: 52/52 MP: 12/15
  4761 | D:5      | Reached skill level 6 in Spellcasting
  5356 | D:5      | Reached skill level 7 in Spellcasting
  5420 | D:5      | Found a broken altar of Ashenzari.
  5652 | D:5      | HP: 2/53 [something (1)]
  5654 | D:5      | Slain by an orc wizard

Illustrated notes

Levels and vault maps discovered:
D:1:      dpeg_arrival_tiny_i, layout_loops_cross, basic_ecumenical_altar
D:2:      layout_rooms, serial_shops, shop_fountains
D:3:      layout_basic, yredelemnul_forgotten_temple_becter, serial_shops, shop,
          uniq_sigmund
D:4:      layout_cave_pools, nicolae_hepliaklqana_ecumenical_no_more
D:5:      layout_loops_ring, marbit_many_paths, mainiacjoe_overflow_alcove_2
D:6:      layout_gridville, general_overflow_altar,
          mainiacjoe_overflow_surrounded_room, kennysheep_mini_moat,
          uniq_prince_ribbit1, uniq_crazy_yiuf_cottage

Skill      XL: |  1  2  3  4  5  6  7 |
---------------+----------------------+-----
Spellcasting   | 2 4 5 7 |  7.3
Fire Magic     | 3 4 |  4.8
Stealth        | 1 |  1.0
Hexes          | 1 2 |  2.1
Fighting       | |  3.8
Maces & Flails | |  2.8
Dodging        | |  0.4

Action                   |  1- 3 |  4- 6 |  7- 9 || total
-------------------------+-------+-------+-------++-------
Melee: Mace              |    52 |     5 |    21 ||    78
 Fire: Hunting sling     |       |    46 |    26 ||    72
Throw: Stone             |    86 |    19 |       ||   105
 Cast: Scorch            |    32 |    40 |    18 ||    90
Invok: Foxfire Swarm     |       |     1 |     1 ||     2
  Use: Scroll            |     1 |     4 |       ||     5
Armor: Robe              |    16 |     4 |     7 ||    27
Dodge: Dodged            |    55 |    18 |     4 ||    77
Block: Buckler           |       |       |     3 ||     3

Table legend: (Time is in decaauts)
 A = Elapsed time spent in this place.
 B = Non-inter-level travel time spent in this place.
 C = Inter-level travel time spent in this place.
 D = Time resting spent in this place.
 E = Time spent auto-exploring this place.
 F = Levels seen in this place.
 G = Mean time per level.
                   A        B        C        D        E       F      G
               +--------+--------+--------+--------+--------+-----+--------+
         Total |   5700 |   5537 |    163 |   1716 |   3050 |   6 |  950.0 |
       Dungeon |   5700 |   5537 |    163 |   1716 |   3050 |   6 |  950.0 |
               +--------+--------+--------+--------+--------+-----+--------+

Top non-repeatable levels by time:
     D:3: 1240 daAuts
     D:1: 1219 daAuts
     D:5: 1167 daAuts
     D:2: 1133 daAuts
     D:4: 915 daAuts
     D:6: 23 daAuts
